 Dungeon Crawl Stone Soup version 0.23-a0-78-gc252fe1 (webtiles) character file.

159 Glaeka the Insei (level 5, 0/37 HPs)
             Began as a Demonspawn Transmuter on Aug 11, 2018.
             Killed by divine providence
             ... invoked by an orc priest
              (14 damage)
             ... on level 4 of the Dungeon.
             The game lasted 00:13:49 (2110 turns).

Glaeka the Insei (Demonspawn Transmuter)            Turns: 2110, Time: 00:13:51

Health: 0/37       AC:  5    Str: 12    XL:     5   Next: 17%
Magic:  9/9        EV: 12    Int: 14    God:
Gold:   219        SH:  0    Dex: 13    Spells: 6/10 levels left

rFire    . . .     SeeInvis .     - Unarmed
rCold    + . .     Gourm    .   (no shield)
rNeg     . . .     Faith    .   t - +0 robe (curse)
rPois    .         Spirit   .   (no helmet)
rElec    .         Reflect  .   (no cloak)
rCorr    .         Harm     .   (no gloves)
MR       +....                  u - +0 pair of boots (curse)
Stlth    +.........             (no amulet)
HPRegen  0.12/turn              h - ring of protection from magic
MPRegen  0.11/turn              (no ring)

@: no status effects
A: iridescent scales 1, cold resistance 1, foul stench 1, rot immunity
a: no special abilities


You were on level 4 of the Dungeon.
You were not hungry.

You visited 1 branch of the dungeon, and saw 4 of its levels.

You collected 219 gold pieces.

Inventory:

Missiles
 a - 12 arrows
 c - 17 poisoned needles
 o - 2 poisoned javelins (quivered)
 s - 7 curare-tipped needles
 x - 3 tomahawks
Armour
 b - a +0 robe
 j - a +0 ring mail
 t - a cursed +0 robe (worn)
 u - a cursed +0 pair of boots (worn)
Jewellery
 h - a ring of protection from magic (left hand)
 l - an uncursed ring of ice
 r - an uncursed ring of protection from magic
Wands
 f - a wand of polymorph (11)
Scrolls
 e - 5 scrolls of identify
 g - 2 scrolls of remove curse {unknown}
 n - a scroll of fog {unknown}
 p - a scroll of random uselessness {unknown}
 y - 2 scrolls of teleportation {unknown}
Potions
 i - 3 potions of curing {unknown}
 k - a potion of magic {unknown}
 m - a potion of lignification {unknown}
 q - a potion of brilliance {unknown}
 v - a potion of mutation {unknown}
Comestibles
 d - 4 rations
 w - 2 chunks of flesh


   Skills:
 + Level 1.0 Fighting
 + Level 0.7 Throwing
 + Level 0.1 Armour
 - Level 1.7 Dodging
 + Level 0.2 Stealth
 * Level 4.2 Unarmed Combat
 + Level 3.1 Spellcasting
 * Level 2.4 Transmutations


You had 6 spell levels left.
You knew the following spells:

 Your Spells              Type           Power        Failure   Level  Hunger
a - Beastly Appendage     Tmut           #.....       8%          1    #......
b - Spider Form           Tmut/Pois      #.........   36%         3    ###....

Your spell library contained the following spells:

 Spells                   Type           Power        Failure   Level  Hunger
 Blade Hands              Tmut           #.........   91%         5    ######.
 Ice Form                 Ice/Tmut       #.......     77%         4    #####..
 Sticks to Snakes         Tmut           #.......     12%         2    ##.....


Dungeon Overview and Level Annotations

Branches:
Dungeon (4/15)
 Temple: D:4-7

Altars:


Innate Abilities, Weirdness & Mutations

You are partially covered in iridescent scales. (AC +2)
Your flesh is cold resistant. (rC+)
You may emit foul miasma when damaged in melee.
You are immune to rotting.


Message History

Aim: an orc priest, wielding a dagger You throw a poisoned javelin.
The poisoned javelin closely misses the orc priest.
The poisoned javelin barely misses the orc priest.
The poisoned javelin hits the orc wizard but does no damage.
The orc wizard is poisoned.
The orc priest calls down the wrath of Beogh upon you.
You resist with some effort.
The orc priest mumbles some strange prayers to Beogh against you.
Beogh smites you!
Throwing (i - inventory. (/) - cycle)
o - 3 poisoned javelins (quivered)
Press: ? - help, Shift-Dir - straight line, f/p - orc priest
Aim: an orc priest, wielding a dagger You throw a poisoned javelin.
The poisoned javelin hits the orc priest.
The orc priest is poisoned.
The orc priest is moderately wounded.
The orc priest mumbles some strange prayers to Beogh against you.
Beogh smites you!
You die...

##...............#
#...###.#.#####.
#...# #.#.# #...#
#.#.# #.#.# #.#.#
#.#.. #.#.# #.#..
#.#.# #. #.#.# #@#
#.# #.# #.# #o#


oo. #.# .(. You could see 2 orc priests and an orc wizard.

Vanquished Creatures
  A worker ant (D:4)
  An iguana (D:4)
  3 adders (D:3)
  2 oozes (D:3)
  A worm (D:2)
  3 dart slugs
  2 leopard geckos
  2 orcs
  11 bats
  2 giant cockroaches
  4 goblins (D:1)
  6 hobgoblins
  4 jackals (D:3)
  8 kobolds
  A quokka (D:2)
  3 ball pythons
  3 frilled lizards
  6 rats
63 creatures vanquished.

Notes
Turn   | Place    | Note
-------+----------+-------------------------------------------
     0 | D:1      | Glaeka the Demonspawn Transmuter began the quest for the Orb.
     0 | D:1      | Reached XP level 1. HP: 15/15 MP: 3/3
    63 | D:1      | Reached skill level 3 in Unarmed Combat
    82 | D:1      | Gained mutation: You are partially covered in iridescent scales. (AC +2) [demonic ancestry]
    82 | D:1      | Reached XP level 2. HP: 18/21 MP: 3/5
   456 | D:1      | Gained mutation: You are immune to rotting. [demonic ancestry]
   456 | D:1      | Reached XP level 3. HP: 24/26 MP: 4/6
   466 | D:1      | Learned a level 3 spell: Spider Form
  1230 | D:3      | Gained mutation: Your flesh is cold resistant. (rC+) [demonic ancestry]
  1230 | D:3      | Reached XP level 4. HP: 32/32 MP: 5/7
  1841 | D:3      | Reached skill level 4 in Unarmed Combat
  1966 | D:4      | Gained mutation: You may emit foul miasma when damaged in melee. [demonic ancestry]
  1966 | D:4      | Reached XP level 5. HP: 16/37 MP: 7/9
  2110 | D:4      | Killed from afar by an orc priest

Vault maps used:
D:1:      minmay_arrival_wavy_path
D:4:      minmay_temple_entry_poolview, first_ration, dk_rats_in_the_wall

Skill      XL: |  1  2  3  4 |
---------------+-------------+-----
Unarmed Combat | 3 4 |  4.2
Transmutations | 2 |  2.4
Spellcasting   | 3 |  3.1
Fighting       | |  1.0
Throwing       | |  0.7
Armour         | |  0.1
Dodging        | |  1.7
Stealth        | |  0.2

Action                   |  1- 3 |  4- 6 || total
-------------------------+-------+-------++-------
Melee: Unarmed           |   155 |    45 ||   200
       Kick              |    21 |     2 ||    23
       Headbutt          |     8 |     3 ||    11
       Punch             |       |     1 ||     1
Throw: Javelin           |     3 |     7 ||    10
 Cast: Beastly Appendage |    22 |     7 ||    29
       Spider Form       |     2 |       ||     2
  Use: Scroll            |     1 |     1 ||     2
 Stab: Sleeping          |     2 |     1 ||     3
  Eat: Ration            |     1 |       ||     1
       Chunk             |       |     1 ||     1
Armor: Robe              |    35 |     1 ||    36
       Ring mail         |    22 |    11 ||    33
Dodge: Dodged            |   102 |    24 ||   126

Table legend:
 A = Non-vault XP
 B = Vault XP
 C = Vault XP percentage of total XP
 D = Non-vault monster count
 E = Vault monster count
 F = Vault count percentage of total count
 G = Total turns spent on level
                 A         B        C        D         E       F
            +---------+---------+-------+---------+---------+-------
      Total |     228 |       0 |   0.0 |      63 |       0 |   0.0
            +---------+---------+-------+---------+---------+-------
        D:1 |      50 |       0 |   0.0 |      28 |       0 |   0.0
        D:2 |      24 |       0 |   0.0 |      11 |       0 |   0.0
        D:3 |      80 |       0 |   0.0 |      21 |       0 |   0.0
        D:4 |      74 |       0 |   0.0 |       3 |       0 |   0.0
            +---------+---------+-------+---------+---------+-------
